 Dungeon Crawl Stone Soup version 0.25.0-9-g26727b657a (webtiles) character file.

Game seed: 14527937468257216413

175 Esekla the Ducker (level 5, -1/29 HPs)
             Began as a Deep Elf Warper on June 20, 2020.
             Was a Follower of Sif Muna.
             Slain by a phantom (7 damage)
             ... on level 4 of the Dungeon.
             The game lasted 00:32:22 (5525 turns).

Esekla the Ducker (Deep Elf Warper)                 Turns: 5525, Time: 00:32:22

Health: -1/29      AC:  3    Str:  4    XL:     5   Next: 29%
Magic:  9/12       EV: 14    Int: 18    God:    Sif Muna [*.....]
Gold:   190        SH:  0    Dex: 15    Spells: 6/10 levels left

rFire    + . .     SeeInvis .   a - +1 falchion
rCold    . . .     Gourm    .   (no shield)
rNeg     . . .     Faith    .   r - +0 robe
rPois    .         Spirit   .   c - +0 helmet
rElec    .         Reflect  .   (no cloak)
rCorr    .         Harm     .   (no gloves)
MR       .....                  (no boots)
Stlth    +.........             (no amulet)
HPRegen  0.09/turn              i - ring of protection from fire
MPRegen  0.13/turn              v - -4 ring of strength (curse)

@: no status effects
A: no striking features
a: Channel Magic, Renounce Religion


You were on level 4 of the Dungeon.
You worshipped Sif Muna.
Sif Muna was aware of your devotion.
You were not hungry.

You visited 2 branches of the dungeon, and saw 5 of its levels.

You collected 190 gold pieces.

Inventory:

Hand Weapons
 a - a +1 falchion (weapon)
 j - a +0 spear
Missiles
 e - 3 boomerangs of dispersal (quivered)
 h - 10 poisoned darts
 t - 8 javelins
Armour
 c - a +0 helmet (worn)
 r - a +0 robe (worn)
 u - a +0 buckler
Jewellery
 i - a ring of protection from fire (left hand)
 v - a cursed -4 ring of strength (right hand)
Wands
 s - a wand of digging (9)
Scrolls
 b - a scroll of magic mapping
 d - a scroll of blinking
 o - a scroll of noise
 w - a scroll of identify
Potions
 g - 2 potions of stabbing
 k - a potion of haste {unknown}
 l - a potion of curing {unknown}
 m - 2 potions of heal wounds
 p - a potion of flight {unknown}
 q - a potion of ambrosia
Comestibles
 f - 10 rations


   Skills:
 - Level 1.5 Fighting
 * Level 3.4 Long Blades
 + Level 1.4 Throwing
 - Level 0.7 Armour
 * Level 4.3 Dodging
 * Level 3.4 Spellcasting
 * Level 1.6 Charms
 + Level 3.5 Translocations


You had 6 spell levels left.
You knew the following spells:

 Your Spells              Type           Power        Failure   Level  Hunger
a - Shroud of Golubria    Chrm/Tloc      ##....       9%          2    ##.....
b - Blink                 Tloc           N/A          5%          2    ##.....

Your spell library contained the following spells:

 Spells                   Type           Power        Failure   Level  Hunger
 Gell's Gravitas          Tloc           ###.......   11%         3    ###....
 Lesser Beckoning         Tloc           ###.......   11%         3    ###....
 Teleport Other           Tloc           ###.....     11%         3    ###....
 Passage of Golubria      Tloc           N/A          34%         4    ####...


Dungeon Overview and Level Annotations

Branches:
Dungeon (4/15)             Temple (1/1) D:4

Altars:
Ashenzari
Dithmenos
Elyvilon
Gozag
Kikubaaqudgha
Nemelex Xobeh
Okawaru
Ru
Sif Muna
Trog
Vehumet
Xom
Yredelemnul
The Shining One

Annotations:
D:3 Ijyb


Message History

Your shroud begins to fray at the edges.
Throwing (i - inventory. (/) - cycle)
n - a boomerang (quivered)
Press: ? - help, Shift-Dir - straight line, f/p - phantom
Aim: a phantom (severely damaged)
You throw a boomerang. The boomerang misses the phantom.
Your magical contamination has completely faded away.
Throwing (i - inventory. (/) - cycle)
e - 4 boomerangs of dispersal (quivered)
Press: ? - help, Shift-Dir - straight line, f/p - phantom
Aim: a phantom (severely damaged)
You throw a boomerang of dispersal.
The boomerang of dispersal misses the phantom.
You barely miss the phantom.
The phantom is severely damaged.
The phantom hits you.
* * * LOW HITPOINT WARNING * * *
You hit the phantom but do no damage.
The phantom is severely damaged.
The phantom hits you but does no damage.
The phantom hits you!
You die...

#######..#.#.#
##.#.#.#
#.#.#'#######
#...........#
#########..........#
..#................#
..#.######.........#
..#'######.........#
........##.....W@..#
........##.........#
.........#.........#
##.......#....(....#
....##+#.##.......)#
.......#...........#
.....#.####.>..#####
.....#.#..#.##.
.....#)#..#


You could see a phantom.

Vanquished Creatures
  A hound skeleton (D:4)
  A gnoll (D:2)
  5 adders
  An ooze (D:3)
  2 dart slugs
  3 leopard geckos
  7 orcs
  5 giant cockroaches
  7 goblins
  7 hobgoblins
  9 jackals
  9 kobolds
  4 quokkas
  A ball python (D:1)
  10 bats
  6 frilled lizards
  8 rats
86 creatures vanquished.

Notes
Turn   | Place    | Note
-------+----------+-------------------------------------------
     0 | D:1      | Esekla the Deep Elf Warper began the quest for the Orb.
     0 | D:1      | Reached XP level 1. HP: 12/12 MP: 6/6
   242 | D:1      | Reached skill level 3 in Dodging
   263 | D:1      | Reached XP level 2. HP: 16/16 MP: 8/8
   267 | D:1      | Learned a level 2 spell: Shroud of Golubria
   270 | D:1      | Learned a level 2 spell: Blink
  1443 | D:2      | Reached XP level 3. HP: 7/20 MP: 5/9
  2037 | D:4      | Noticed a phantom
  2041 | D:4      | Reached skill level 1 in Charms
  2396 | D:3      | Reached XP level 4. HP: 24/25 MP: 7/10
  2615 | D:3      | Noticed Ijyb
  2618 | D:3      | Paralysed by Ijyb for 2 turns
  2640 | D:2      | Found a shimmering blue altar of Sif Muna.
  2648 | D:2      | Became a worshipper of Sif Muna the Loreminder
  3202 | D:2      | Found an iron altar of Okawaru.
  4162 | D:4      | Found a shadowy altar of Dithmenos.
  4280 | D:3      | Found a white marble altar of Elyvilon.
  4401 | D:4      | Reached skill level 4 in Dodging
  4401 | D:4      | Reached XP level 5. HP: 29/29 MP: 8/11
  4953 | D:3      | Found a radiant altar of Vehumet.
  5292 | D:4      | Reached * piety under Sif Muna
  5388 | D:4      | Found a staircase to the Ecumenical Temple.
  5394 | Temple   | Entered the Ecumenical Temple
  5525 | D:4      | Slain by a phantom

Illustrated notes

Levels and vault maps discovered:
D:1:      matt_arrival_diagonals, layout_loops_ring, minmay_tromino_v2
D:2:      layout_loops_corners, old_standard_altar, okawaru_altar_gauntlet_db
D:3:      layout_loops_ring, nicolae_overflow_hidden_temple,
          lemuel_crystal_altar, first_ration, uniq_ijyb
D:4:      layout_basic, grunt_dithmenos_smoke, minmay_temple_entry_fiery
Temple:   eino_wide_crystal_templ

Skill      XL: |  1  2  3  4 |
---------------+-------------+-----
Dodging        | 3 4 |  4.3
Long Blades    | 2 3 |  3.4
Charms         | 1 |  1.6
Fighting       | |  1.5
Throwing       | |  1.4
Armour         | |  0.7
Spellcasting   | |  3.4
Translocations | |  3.5

Action                   |  1- 3 |  4- 6 || total
-------------------------+-------+-------++-------
Melee: Falchion          |   159 |   197 ||   356
Throw: Dart              |       |    23 ||    23
       Boomerang         |       |    18 ||    18
 Cast: Shroud of Golubri |    27 |    34 ||    61
  Use: Potion            |     1 |       ||     1
       Scroll            |       |     5 ||     5
  Eat: Ration            |     1 |     1 ||     2
       Chunk             |     1 |    10 ||    11
Armor: Skin              |    20 |     8 ||    28
       Robe              |       |    15 ||    15
Dodge: Dodged            |   147 |   186 ||   333
       Rpst.: Falchion   |    38 |    59 ||    97
